 Dungeon Crawl Stone Soup version 0.31-a0-121-g1e386dd289 (webtiles) character file.

Game seed: 2897703099837256726

599752 Drazool the Intangible (level 26, -12/152 HPs)
             Began as a Spriggan Hunter on May 30, 2023.
             Was a High Priest of Fedhas.
             Killed from afar by an orb of fire (109 damage)
             ... with a bolt of fire
             ... on level 5 of the Realm of Zot on May 31, 2023.
             The game lasted 04:39:02 (66824 turns).

Drazool the Intangible (Spriggan Hunter)           Turns: 66824, Time: 04:39:02

Health: -12/152    AC:  7    Str: 11    XL:     26   Next: 45%
Magic:  34/39      EV: 70    Int: 12    God:    Fedhas [*****.]
Gold:   5943       SH: 10    Dex: 41    Spells: 18/25 levels left

rFire   x . .        W - +7 hand crossbow of Grim Defence {speed, rPois Str+4}
rCold   . . .        q - +0 buckler
rNeg    . . .        r - +0 robe of Zasoxuwn {rElec rPois rCorr Str+2}
rPois   +            w - +0 mask of the Dragon {Will+ Slay+3 SInv}
rElec   +            i - +2 cloak {Will+}
rCorr   +            (gloves unavailable)
SInv    +            (boots unavailable)
Will    +++++        Y - amulet of regeneration
Stlth   ++++++++     D - +6 ring of dexterity
HPRegen 1.25/turn    d - +6 ring of dexterity
MPRegen 0.26/turn

%: no passive effects
@: studying 2 skills, very quick
A: very small, no large weapons, unfitting armour, see invisible, speed 3,
iridescent scales 1, weak 1, wild magic 1, heat vulnerability 1
}: 3/15 runes: serpentine, barnacled, silver
a: Renounce Religion, Wall of Briars, Grow Ballistomycete, Overgrow, Grow Oklob


You were on level 5 of the Realm of Zot.
You worshipped Fedhas.
Fedhas was extremely pleased with you.
You visited 10 branches of the dungeon, and saw 48 of its levels.
You also visited: Trove, Bailey, Volcano and Wizlab.

You collected 10123 gold pieces.
You spent 4180 gold pieces at shops.


Innate Abilities, Weirdness & Mutations

You are very small and have problems with some larger weapons.
You are too small for most types of armour.
You have supernaturally acute eyesight. (SInv)
You cover ground extremely quickly. (Speed+++)
You are partially covered in iridescent scales. (AC +2)
You are weak. (Str -2)
Your spells are a little harder to cast, but a little more powerful.
You are vulnerable to heat. (rF-)


   Skills:
 - Level 20.0 Fighting
 - Level 18.0 Ranged Weapons
 - Level 5.0 Armour
 O Level 27 Dodging
 - Level 16.8 Stealth
 - Level 10.0 Shields
 + Level 9.0 Hexes
 + Level 14.8 Translocations
 + Level 23.9 Invocations
 - Level 10.0 Evocations


You had 18 spell levels left.
You knew the following spells:

 Your Spells              Type           Power      Damage    Failure   Level
a - Apportation           Tloc           92%        N/A       1%          1
o - Portal Projectile     Hex/Tloc       74%        N/A       1%          3
s - Slow                  Hex            100%       N/A       2%          1
B - Blink                 Tloc           92%        N/A       1%          2

Your spell library contained the following spells:

 Spells                   Type           Power      Damage    Failure   Level
 Lesser Beckoning         Tloc           92%        N/A       1%          2
 Gell's Gravitas          Tloc           46%        N/A       1%          3
 Teleport Other           Tloc           46%        N/A       1%          3
 Manifold Assault         Tloc           46%        N/A       1%          4
 Momentum Strike          Conj/Tloc      46%        3d9       5%          2
 Confusing Touch          Hex            28%        N/A       5%          3
 Vhi's Electric Charge    Tloc/Air       46%        N/A       10%         3
 Volatile Blastmotes      Fire/Tloc      46%        2d13      10%         3
 Ensorcelled Hibernation  Hex/Ice        28%        N/A       14%         2
 Dispersal                Tloc           23%        N/A       21%         6
 Dazzling Flash           Conj/Hex       28%        N/A       28%         3
 Summon Guardian Golem    Hex/Summ       14%        N/A       28%         3
 Iskenderun's Mystic Bla  Conj/Tloc      23%        2d6       28%         4
 Necrotise                Necr           0%         1d4       47%         1
 Sandblast                Erth           0%         2d4       47%         1
 Summon Small Mammal      Summ           0%         N/A       47%         1
 Cigotuvi's Dreadful Rot  Necr/Pois/Air  0%         N/A       63%         2
 Passwall                 Tmut/Erth      0%         N/A       63%         2
 Anguish                  Hex/Necr       7%         N/A       63%         4
 Fulminant Prism          Conj/Hex       7%         3d7       63%         4
 Leda's Liquefaction      Hex/Erth       7%         N/A       63%         4
 Call Canine Familiar     Summ           0%         N/A       83%         3
 Ignite Poison            Fire/Tmut/Pois 0%         N/A       83%         3
 Mephitic Cloud           Conj/Pois/Air  0%         N/A       83%         3
 Ozocubu's Armour         Ice            0%         N/A       83%         3
 Spider Form              Tmut/Pois      0%         N/A       83%         3
 Stone Arrow              Conj/Erth      0%         3d7       83%         3
 Vampiric Draining        Necr           0%         2d6       83%         3
 Silence                  Hex/Air        7%         N/A       92%         5
 Animate Armour           Summ/Erth      0%         N/A       99%         4
 Animate Dead             Necr           0%         N/A       99%         4
 Dispel Undead            Necr           0%         3d6       99%         4
 Ice Form                 Ice/Tmut       0%         N/A       99%         4
 Petrify                  Tmut/Erth      0%         N/A       99%         4
 Sticky Flame             Conj/Fire      0%         2d3       99%         4
 Summon Lightning Spire   Summ/Air       0%         N/A       99%         4
 Agony                    Necr           0%         N/A       100%        5
 Alistair's Intoxication  Tmut/Pois      0%         N/A       100%        5
 Arcjolt                  Conj/Air       0%         1d10      100%        5
 Borgnjor's Vile Clutch   Necr/Erth      0%         N/A       100%        5
 Freezing Cloud           Conj/Ice/Air   0%         6-21      100%        5
 Iskenderun's Battlesphe  Conj           0%         2d6       100%        5
 Lee's Rapid Deconstruct  Erth           0%         3d4*      100%        5
 Death Channel            Necr           0%         N/A       100%        6
 Leda's Unmaking          Conj/Erth      0%         9d1       100%        6
 Plasma Beam              Fire/Air       0%         2x1d11    100%        6
 Simulacrum               Ice/Necr       0%         N/A       100%        6
 Haunt                    Necr/Summ      0%         N/A       100%        7
 Malign Gateway           Summ/Tloc      11%        N/A       100%        7
 Orb of Destruction       Conj           0%         9d5       100%        7
 Ozocubu's Refrigeration  Ice            0%         4d7       100%        7
 Spellforged Servitor     Conj/Summ      0%         N/A       100%        7
 Storm Form               Tmut/Air       0%         N/A       100%        7
 Disjunction              Tloc           23%        N/A       100%        8
 Infestation              Necr           0%         N/A       100%        8
 Lehudib's Crystal Spear  Conj/Erth      0%         10d2      100%        8
 Summon Horrible Things   Summ           0%         N/A       100%        8
 Death's Door             Necr           0%         N/A       100%        9
 Polar Vortex             Ice            0%         N/A       100%        9

Inventory:

Hand Weapons
 K - a +8 hand crossbow of electrocution
 W - the +7 hand crossbow of Grim Defence (weapon) {speed, rPois Str+4}
   (You subdued it in a wizard's laboratory)

   Str:       It affects your strength (+4).
   rPois:     It protects you from poison.
Missiles
 j - 11 throwing nets {=f}
 u - 11 curare-tipped darts {=f}
Armour
 i - a +2 cloak of willpower (worn)
 q - a +0 buckler (worn)
 r - the +0 robe of Zasoxuwn (worn) {rElec rPois rCorr Str+2}
   (You acquired it on level 1 of the Shoals)

   Str:       It affects your strength (+2).
   rElec:     It insulates you from electricity.
   rPois:     It protects you from poison.
   rCorr:     It protects you from acid and corrosion.
 w - the +0 mask of the Dragon (worn) {Will+ Slay+3 SInv}
   (You found it on level 3 of the Crypt)

   Slay:      It affects your accuracy & damage with ranged weapons and melee
   (+3).
   SInv:      It lets you see invisible.
   Will:      It increases your willpower.
Jewellery
 c - a ring of protection from cold
 d - a +6 ring of dexterity (right hand)
 C - an amulet of the acrobat
 D - a +6 ring of dexterity (left hand)
 F - a ring of protection from fire
 L - a ring of flight
 P - a ring of poison resistance
 R - a ring of resist corrosion
 Y - an amulet of regeneration (around neck)
Wands
 a - a wand of flame (98)
 f - a wand of light (32)
 B - a wand of polymorph (18)
 O - a wand of digging (17)
 S - a wand of iceblast (41)
 V - a wand of paralysis (36)
 X - a wand of mindburst (16)
Scrolls
 b - 9 scrolls of immolation
 h - 10 scrolls of teleportation {@r2}
 m - 3 scrolls of fear
 o - 8 scrolls of poison
 s - 3 scrolls of fog
 t - 3 scrolls of silence {!r}
 v - 4 scrolls of magic mapping
 z - 2 scrolls of enchant weapon
 J - a scroll of enchant armour
 N - 4 scrolls of blinking
 Q - 7 scrolls of brand weapon
 Z - 5 scrolls of summoning
Potions
 e - 9 potions of heal wounds {@q2}
 g - 7 potions of enlightenment
 k - 8 potions of mutation
 l - 6 potions of might
 n - 5 potions of lignification
 p - 8 potions of resistance
 x - 2 potions of magic
 A - 7 potions of cancellation
 E - 4 potions of haste {@q3}
 G - 3 potions of invisibility
 I - 6 potions of brilliance
 M - 21 potions of curing {@q1}
 U - 7 potions of ambrosia
Miscellaneous
 y - a phial of floods
 H - a phantom mirror
 T - a box of beasts

Dungeon Overview and Level Annotations

Branches:
Dungeon (15/15)            Temple (1/1) D:5            Lair (5/5) D:9
 Shoals (4/4) Lair:3        Snake (4/4) Lair:3        Slime (0/5) Lair:5
    Orc (2/2) D:9             Elf (0/3) Orc:2        Vaults (5/5) D:14
  Crypt (3/3) Vaults:2     Depths (4/4) D:15            Zot (5/5) Depths:4
 Bailey (visited)         Volcano (visited)          WizLab (visited)
   Tomb: Crypt:3

Altars:
Ashenzari
Cheibriados
Dithmenos
Elyvilon
Fedhas
Gozag
Hepliaklqana
Kikubaaqudgha
Makhleb
Nemelex Xobeh
Okawaru
Qazlal
Ru
Sif Muna
Trog
Uskayaw
Vehumet
Wu Jian
Xom
Yredelemnul
Zin
The Shining One
Lugonu

Shops:
D:3 :   D:4 (   D:15 :   Orc:2 ?=[:   Snake:1 (!**(   Vaults:2 ?=   Depths:1 ?
Depths:3 :=*?[   Depths:4 :=:

Portals:
Hell: Depths:1 Depths:2 Depths:3 Depths:4
Abyss: Lair:5 Depths:2 Depths:3 Depths:4
Pandemonium: Depths:2
Ziggurat: Depths:1

Annotations:
D:3 1 runed translucent door, Crazy Yiuf
Vaults:3 3 runed translucent doors, Qeunemit's ghost, adept GrFi
Crypt:1 2 transporters
Crypt:2 1 runed translucent door, Zogul's ghost, veteran MiGl
Depths:3 2 transporters, exclusion: orange crystal statue
Zot:1 4 transporters
Zot:3 Parghit

..# ##...## #. ⌠.## ##...## ##
...# ###...## # ...# ###......#
...# #........#
...#######........#
...##........###### #
..###.......#####################
..........<.....@§PP..P..........
.................P.§✱...)...[....
....##...###...#######......####.
##.............P.P<.........^....
##............PPP...............
############...######.....#....
##### #.....#.... #....##...#
###########


You could see an orb of fire (ally target) and a friendly oklob plant
(summoned).


Message History

Iridescent scales grow over part of your body.
You shoot a bolt. The bolt hits the orb of fire!
The orb of fire is lightly damaged.
Use which ability? (? or * to list)
A briar patch grows up from the ground. x5
You walk carefully through the plants.
You walk carefully through the plants.
You shoot a bolt.
The bolt hits the orb of fire but does no damage.
The orb of fire is lightly damaged.
The orb of fire glows bright magenta.
The fireball explodes!
The fireball engulfs you!!! The fire burns you terribly!
You walk carefully through the plants.
Your oklob plant spits acid at the orb of fire.
The splash of acid hits the orb of fire but does no damage.
Your oklob plant spits acid at the orb of fire.
The splash of acid hits the orb of fire!
The orb of fire glows deep purple.
The bolt of fire hits your briar patch!!!!
Your briar patch is burned terribly!
Your briar patch is destroyed!
Your briar patch disappears in a puff of smoke!
The bolt of fire hits your briar patch!!!!
Your briar patch is burned terribly!
Your briar patch is destroyed!
Your briar patch disappears in a puff of smoke!
The bolt of fire hits you!!!! The fire burns you terribly!
Ouch! That really hurt!
You die...
Fedhas appreciates your contribution to the ecosystem.

Skill      XL: |  1  2  3  4  5  6  7  8  9 10 11 12 13 14 15 16 17 18 19 20 21 22 23 24 25 26 |
---------------+-------------------------------------------------------------------------------+-----
Ranged Weapons | 5 6 7 8 11 13 16 18 | 18.0
Fighting       | 3 5 9 10 13 14 15 17 20 | 20.0
Dodging        | 4 8 13 19 22 24 25 26 27 | 27.0
Stealth        | 5 10 16 | 16.8
Invocations    | 4 7 10 13 15 16 17 18 21 23 | 23.9
Translocations | 6 11 12 14 | 14.8
Hexes          | 4 7 9 |  9.0
Shields        | 5 8 10 | 10.0
Armour         | 5 |  5.0
Evocations     | 8 10 | 10.0

Action                     |  1- 3 |  4- 6 |  7- 9 | 10-12 | 13-15 | 16-18 | 19-21 | 22-24 | 25-27 || total
---------------------------+-------+-------+-------+-------+-------+-------+-------+-------+-------++-------
   Fire: Shortbow          |   102 |   140 |   198 |       |       |       |       |       |       ||   440
         Orcbow            |       |       |   125 |   536 |  1006 |  1315 |   294 |       |       ||  3276
         Hand crossbow     |       |       |       |       |       |       |  1529 |  2008 |   507 ||  4044
  Throw: Dart              |       |       |       |       |       |       |       |     1 |       ||     1
   Cast: Blink             |       |       |       |       |       |       |     1 |     1 |       ||     2
 Invoke: Wall of Briars    |       |       |       |     3 |    14 |    19 |    26 |    23 |     3 ||    88
         Grow Oklob        |       |       |       |       |     7 |    15 |    12 |    11 |     1 ||    46
         Overgrow          |       |       |       |       |       |       |       |     3 |       ||     3
  Evoke: Wand              |       |       |       |       |     1 |     1 |     1 |       |       ||     3
         Box of beasts     |       |       |       |       |       |       |       |     1 |       ||     1
    Use: Scroll            |     5 |       |     4 |    12 |    10 |    11 |     6 |    15 |       ||    63
         Potion            |       |     1 |     1 |     1 |     2 |     3 |     1 |     3 |     2 ||    14
 Armour: Robe              |     5 |     3 |     3 |     1 |    10 |     9 |     2 |       |     2 ||    35
  Dodge: Dodged            |    21 |    28 |    45 |    55 |   192 |   541 |   228 |   363 |   154 ||  1627
  Block: Other             |       |       |       |       |    40 |    82 |     1 |       |       ||   123
         Reflection        |       |       |       |       |     7 |    25 |     1 |       |       ||    33
         Buckler           |       |       |       |       |       |       |    32 |    55 |    59 ||   146

Levels and vault maps discovered:
D:1:      psy_arrival_terrarium, layout_loops_corners
D:2:      layout_basic, serial_glass, glass_columns_a, glass_columns_b,
          nicolae_kite_square_tiling_tiny
D:3:      layout_basic, dreamdust_ecumenical_altar_sealed_demon, serial_shops,
          nicolae_book_shop_shelving, minmay_lizard_king, uniq_terence,
          uniq_crazy_yiuf_cottage
D:4:      layout_basic, ashenzari_conservatory_becter, serial_shops, shop
D:5:      layout_rooms, minmay_temple_entry_statues_fountains, uniq_sigmund
D:6:      layout_rooms, nrook_loot_triangle
D:7:      layout_basic, nicolae_overflow_hallway_of_the_gods
D:8:      minmay_octagon_keep, layout_cave_pools, enter_bailey_4
D:9:      layout_rooms, lemuel_doored_altar, erik_lair_orcish_takeover,
          orc_0_dummy
D:10:     layout_roguey, kennysheep_slug_shrine, mainiacjoe_overflow_alcove_2
D:11:     minmay_s_stair_smasher, layout_basic, grunt_ministairs_12
D:12:     minmay_spotlight, layout_grid_maze, special_room [special_room_orc]
D:13:     layout_stronghold, hive_lemuel
D:14:     layout_basic, lightli_vaults_fourway_checkpoint, elyvilon_altar_4
D:15:     grunt_enter_depths_hoard, layout_gridville, serial_shops,
          nicolae_shop_window_shopping, chequers_serial_rivers_micro_e,
          lemuel_flamethrower_3
Temple:   hellmonk_temple_two_chambers
Lair:1:   layout_roguey, st_stairs_5, guppyfry_lair_drakes, grunt_megastairs_1
Lair:2:   layout_roguey
Lair:3:   layout_small_grid, elwin_shoals_entry_rocks,
          guppyfry_snake_entry_island, lightli_volcano_entry_magma_tube
Lair:4:   layout_cave_shapes
Lair:5:   hellmonk_lair_end_abyssal_woods, layout_small_grid, slime_entry_1,
          grunt_forest_stairs_basic, serial_bayou_lake_a, grunt_megastairs_2,
          uniq_nessos
Shoals:1: cheibrodos_shoals_oceanic_diplomacy, layout_shoals
Shoals:2: layout_shoals, uniq_ilsuiw
Shoals:3: layout_shoals
Shoals:4: shoals_end_simple, layout_shoals, shoals_ilsuiw_alternative
Snake:1:  layout_onion_interference, serial_shops, shop_statue, shop,
          nicolae_lakefront_shop, nicolae_shop_bloodbath_and_beyond,
          nicolae_shop_tiny_statue_garden, nicolae_letterblocks
          [nicolae_letter_subblock, nicolae_letter_subblock,
          nicolae_letter_subblock, nicolae_letter_subblock,
          nicolae_letter_subblock, nicolae_letter_subblock,
          nicolae_letter_subblock, nicolae_letter_subblock,
          nicolae_letter_subblock, nicolae_letter_subblock,
          nicolae_letter_subblock, nicolae_letter_subblock,
          nicolae_letter_subblock, nicolae_letter_subblock,
          nicolae_letter_subblock, nicolae_letter_subblock,
          nicolae_letter_subblock, nicolae_letter_subblock,
          nicolae_letter_subblock, nicolae_letter_subblock,
          nicolae_letter_subblock, nicolae_letter_subblock,
          nicolae_letter_subblock, nicolae_letter_subblock,
          nicolae_letter_subblock], uniq_kirke
Snake:2:  onia_ninara_swampy_vault, layout_rooms,
          nicolae_snake_herptile_family_reunion
Snake:3:  layout_gridlike, basic_altar, serial_bayou_shore_b, uniq_aizul
Snake:4:  johnstein_snake_rune_scales, layout_cave_shapes,
          hangedman_snake_corridor_cut, uniq_mlioglotl, uniq_saint_roka
Orc:1:    layout_caves, elves_outpost_lemuel, uniq_fannar, uniq_josephine,
          uniq_sonja, uniq_erolcha
Orc:2:    st_orc_mages, layout_diamond_mine, special_room
Vaults:1: hangedman_vaults_nails, nicolae_vaults_weapon_check, v_misc_30,
          nicolae_vaults_doubleplus_tesselated, v_alt_pattern_2,
          ontoclasm_vaults_claustrophobia, ontoclasm_vaults_pinch,
          nicolae_vaults_security_offices_5, nicolae_vaults_specimen_jars,
          layout_vaults_chaotic_city, nicolae_trove_entry_isolated
Vaults:2: mu_enter_wizlab_1, nicolae_vaults_trapezoid_3, nicolae_vaults_two_Ls,
          nicolae_vaults_storage_room_statues, nicolae_vaults_quadrants,
          nicolae_vaults_house_2, vaults_mumra_hex,
          minmay_crypt_entry_simple_box, nicolae_vaults_trapezoid_layered,
          layout_vaults_omnigrid, serial_shops, shop,
          nicolae_shop_pleasant_corner_grove
Vaults:3: gammafunk_ghost_spectres, nicolae_vaults_house_3,
          hangedman_vaults_cutoff, vaults_room_stairs_pillars,
          nicolae_vaults_sesquioval_fish, nicolae_vaults_lopsided_apartments,
          nicolae_vaults_surprise_closet, dpeg_vaults_monster_box,
          vaults_room_fours, v_pattern_4, layout_vaults_maze_bifur
Vaults:4: v_pattern_3, nicolae_vaults_theta, nicolae_vaults_oozy_zoo,
          nicolae_vaults_little_squares_1, grunt_vaults_hallway_short,
          nicolae_vaults_diagonal_hallway_8, v_misc_15, nicolae_vaults_wrenched,
          ontoclasm_vaults_shuriken, hangedman_vaults_cutoff,
          nicolae_vaults_heist, nicolae_vaults_frosty_reception,
          nicolae_vaults_trapezoid_lopsided_1, nicolae_vaults_trapezoid_2,
          nicolae_vaults_apartment_1, layout_vaults_ring
Vaults:5: serial_shops, uniq_bai_suzhen, uniq_sojobo, uniq_mennas
Crypt:1:  gammafunk_its_a_trap, layout_misc_corridors
Crypt:2:  layout_gridlike, ebering_ghost_inner_flame,
          nrook_guardian_serpent_ordinary
Crypt:3:  grunt_crypt_end_deaths_head
Depths:1: hangedman_elemental_death_ray, layout_basic, enter_ziggurat_d,
          lightli_too_deep, hangedman_glass_teeth, nicolae_nh_oracle_at_delphi
Depths:2: lemuel_castle_with_subvaults [lemuel_castle_interior_carwin_2],
          layout_basic, abyss_entry, grunt_hell_entry_dis_grunt, pan_entry,
          minmay_staircase_windowed_large
Depths:3: gammafunk_sealed_arena, layout_basic, hell_entry,
          hangedman_decor_peaks_small, serial_shops,
          nicolae_shop_window_shopping, nicolae_shop_stone,
          kennysheep_mini_moat, nicolae_shop_gaudy_bauble,
          nicolae_shop_overgrown_old_shop, abyss_entry, firewood_loft,
          infiniplex_staircase_pool_2
Depths:4: grunt_zot_entry_alcove, layout_cave_shapes, okawaru_gym_becter,
          abyss_entry_small_statue_room, hell_entry, led_xom_imps,
          minmay_shop_grove, uniq_grunn
Zot:1:    nicolae_zot_stationary_front, layout_basic, st_stairs_14,
          nicolae_transporter_intersection
Zot:2:    layout_onion_interference
Zot:3:    layout_gridlike, zot_minivault_6, uniq_parghit
Zot:4:    layout_gridlike
Zot:5:    layout_misc_corridors

Notes
Turn   | Place    | Note
-------+----------+-------------------------------------------
     0 | D:1      | Drazool the Spriggan Hunter began the quest for the Orb.
     0 | D:1      | Reached XP level 1. HP: 10/10 MP: 2/2
   176 | D:1      | Reached XP level 2. HP: 14/14 MP: 3/3
   875 | D:2      | Reached skill level 5 in Ranged Weapons
   879 | D:2      | Reached XP level 3. HP: 18/18 MP: 4/4
  1397 | D:2      | You are sucked into a shaft and drop 1 floor!
  1403 | D:3      | Found Zukaem's Book Boutique.
  2003 | D:3      | Noticed Terence
  2018 | D:3      | Killed Terence
  2019 | D:3      | Reached XP level 4. HP: 22/22 MP: 5/5
  2219 | D:3      | Found a runed translucent door.
  2220 | D:3      | Noticed Crazy Yiuf
  2315 | D:3      | Found a faded altar of an unknown god.
  2725 | D:3      | Reached skill level 6 in Ranged Weapons
  2758 | D:4      | Found Jouph's Antique Weapon Shop.
  2871 | D:4      | Reached XP level 5. HP: 25/25 MP: 6/6
  3048 | D:4      | Identified the ring "Zeotsank" {Dex+2 SInv}
  3056 | D:4      | Reached skill level 7 in Ranged Weapons
  3155 | D:4      | Reached XP level 6. HP: 30/30 MP: 7/7
  3271 | D:4      | Bought a runed shortbow for 174 gold pieces
  3495 | D:4      | Found a broken altar of Ashenzari.
  3699 | D:5      | Entered Level 5 of the Dungeon
  3699 | D:5      | Noticed Sigmund
  3831 | D:4      | Killed Sigmund
  3832 | D:4      | Reached skill level 3 in Fighting
  3832 | D:4      | Reached skill level 8 in Ranged Weapons
  3832 | D:4      | Reached XP level 7. HP: 22/36 MP: 8/8
  3967 | D:5      | Reached skill level 4 in Fighting
  4092 | D:5      | Found a staircase to the Ecumenical Temple.
  4176 | Temple   | Entered the Ecumenical Temple
  4479 | D:6      | Reached skill level 5 in Fighting
  4479 | D:6      | Reached skill level 3 in Dodging
  4527 | D:6      | Reached skill level 4 in Dodging
  4527 | D:6      | Reached XP level 8. HP: 43/43 MP: 9/9
  4632 | D:6      | Reached skill level 5 in Dodging
  4999 | D:7      | Reached skill level 6 in Dodging
  5261 | D:7      | Reached skill level 7 in Dodging
  5344 | D:7      | Reached skill level 8 in Dodging
  5344 | D:7      | Reached skill level 2 in Stealth
  5362 | D:7      | Reached skill level 3 in Stealth
  5368 | D:7      | Reached skill level 4 in Stealth
  5495 | D:7      | Reached skill level 5 in Stealth
  5571 | D:7      | Found a radiant altar of Vehumet.
  5571 | D:7      | Found a blossoming altar of Fedhas.
  5571 | D:7      | Found a burning altar of Makhleb.
  5575 | D:7      | Found a white marble altar of Elyvilon.
  5576 | D:7      | Found a sparkling altar of Nemelex Xobeh.
  5577 | D:7      | Became a worshipper of Fedhas Madash
  5581 | D:7      | Found a sacrificial altar of Ru.
  5608 | D:7      | Found a hide-covered altar of Uskayaw.
  5610 | D:7      | Found a glowing golden altar of the Shining One.
  5614 | D:7      | Found an ancient bone altar of Kikubaaqudgha.
  5615 | D:7      | Found an ornate altar of the Wu Jian Council.
  5726 | D:7      | Reached XP level 9. HP: 47/47 MP: 10/10
  5771 | D:7      | Reached skill level 9 in Ranged Weapons
  6051 | D:7      | Reached skill level 1 in Invocations
  6121 | D:8      | Reached skill level 2 in Invocations
  6129 | D:8      | Reached skill level 10 in Ranged Weapons
  6151 | D:7      | Reached * piety under Fedhas
  6152 | D:7      | Reached skill level 3 in Invocations
  6363 | D:8      | Reached skill level 11 in Ranged Weapons
  6379 | D:8      | Reached skill level 4 in Invocations
  6556 | D:8      | Found a flagged portal.
  6566 | Bailey   | Entered a bailey
  6593 | Bailey   | Reached XP level 10. HP: 50/51 MP: 14/14
  6746 | D:8      | Reached ** piety under Fedhas
  6883 | D:8      | Reached skill level 5 in Invocations
  7127 | D:8      | Reached skill level 12 in Ranged Weapons
  7534 | D:9      | Noticed a two-headed ogre
  7667 | D:9      | Reached *** piety under Fedhas
  7671 | D:9      | Reached skill level 6 in Invocations
  7707 | D:9      | Found a staircase to the Lair.
  7773 | D:9      | Reached skill level 13 in Ranged Weapons
  7933 | D:9      | Found a staircase to the Orcish Mines.
  7967 | D:9      | Found a basalt altar of Yredelemnul.
  8055 | D:9      | Noticed a two-headed ogre
  8059 | D:9      | Killed a two-headed ogre
  8060 | D:9      | Reached skill level 7 in Invocations
  8060 | D:9      | Reached XP level 11. HP: 55/55 MP: 17/17
  8117 | D:9      | Killed a two-headed ogre
  8218 | D:10     | Entered Level 10 of the Dungeon
  8282 | D:10     | Identified a scroll of acquirement
  8283 | D:10     | Acquired a +6 heavy orcbow
  8711 | D:10     | Found a snail-covered altar of Cheibriados.
  8747 | D:10     | Found an iron altar of Okawaru.
  8804 | D:10     | Noticed a two-headed ogre
  8815 | D:10     | Killed a two-headed ogre
  8816 | D:10     | Reached skill level 14 in Ranged Weapons
  8985 | Lair:1   | Entered Level 1 of the Lair of Beasts
  8988 | Lair:1   | Reached **** piety under Fedhas
  9414 | Lair:1   | Reached skill level 15 in Ranged Weapons
  9656 | Lair:1   | Reached skill level 16 in Ranged Weapons
  9966 | Lair:1   | Reached XP level 12. HP: 60/60 MP: 18/18
 10011 | Lair:1   | Reached skill level 8 in Invocations
 10466 | Lair:2   | Reached skill level 6 in Fighting
 10573 | Lair:2   | Reached skill level 9 in Invocations
 10584 | Lair:2   | Reached ***** piety under Fedhas
 10917 | Lair:3   | Noticed a seven-headed hydra
 10926 | Lair:3   | Reached skill level 7 in Fighting
 11160 | Lair:3   | Found a staircase to the Snake Pit.
 11177 | Lair:3   | Found a staircase to the Shoals.
 11286 | Lair:3   | Reached skill level 10 in Invocations
 11299 | Lair:3   | Reached skill level 8 in Fighting
 11543 | Lair:3   | Found a dark tunnel.
 11557 | Lair:3   | Killed a seven-headed hydra
 11575 | Volcano  | Entered a volcano
 12031 | Lair:4   | Identified the +0 leather armour of a Labyrinth {Int+4
                  | Dex+3 Slay+2}
 12097 | Lair:4   | Reached skill level 9 in Fighting
 12097 | Lair:4   | Reached XP level 13. HP: 70/70 MP: 19/21
 12567 | Lair:5   | Entered Level 5 of the Lair of Beasts
 12571 | Lair:5   | Reached skill level 11 in Invocations
 12926 | Lair:4   | Learned a level 2 spell: Blink
 12947 | Lair:4   | Reached skill level 10 in Fighting
 13028 | Lair:5   | Reached skill level 1 in Translocations
 13210 | Lair:5   | Reached skill level 2 in Translocations
 13232 | Lair:5   | Noticed Nessos
 13233 | Lair:5   | Reached skill level 3 in Translocations
 13235 | Lair:5   | Killed Nessos
 13250 | Lair:5   | Reached skill level 4 in Translocations
 13250 | Lair:5   | Reached skill level 12 in Invocations
 13404 | Lair:4   | Reached skill level 5 in Translocations
 13644 | Lair:5   | Found a staircase to the Slime Pits.
 13884 | Lair:5   | Reached skill level 6 in Translocations
 14008 | Lair:5   | Reached skill level 13 in Invocations
 14022 | Lair:5   | Reached XP level 14. HP: 77/77 MP: 24/24
 14144 | Lair:5   | Identified the +6 short sword of Fuzzy Defence {heavy,
                  | MP+9}
 14191 | Lair:5   | Reached skill level 7 in Translocations
 14408 | Lair:5   | Reached skill level 8 in Translocations
 14621 | Lair:5   | Found a corrupted altar of Lugonu.
 14621 | Lair:5   | Found a one-way gate to the infinite horrors of the Abyss.
 14823 | Orc:1    | Entered Level 1 of the Orcish Mines
 14823 | Orc:1    | Noticed Josephine
 14832 | D:9      | Killed Josephine
 15113 | D:9      | Reached skill level 14 in Invocations
 15128 | Orc:1    | Noticed an orc warlord
 15191 | Orc:1    | Noticed Fannar
 15470 | D:9      | Found a staircase to the Lair.
 15494 | D:9      | Found a basalt altar of Yredelemnul.
 15499 | D:9      | Killed an orc warlord
 15552 | D:9      | Found a staircase to the Orcish Mines.
 15880 | Orc:1    | Killed Fannar
 15881 | Orc:1    | Reached skill level 9 in Translocations
 16069 | Orc:1    | Noticed Sonja
 16071 | Orc:1    | Killed Sonja
 16085 | Orc:1    | Reached ****** piety under Fedhas
 16185 | Orc:1    | Noticed Erolcha
 16188 | Orc:1    | Killed Erolcha
 16189 | Orc:1    | Reached skill level 10 in Translocations
 16399 | Orc:2    | Entered Level 2 of the Orcish Mines
 16587 | Orc:2    | Reached skill level 15 in Invocations
 16684 | Orc:2    | Found a staircase to the Elven Halls.
 17153 | Orc:2    | Reached skill level 11 in Translocations
 17240 | Orc:2    | Found Reiko Teu's Magic Scroll Shoppe.
 17240 | Orc:2    | Found Ropnom's Armour Emporium.
 17241 | Orc:2    | Found Gais Ybb's Book Emporium.
 17253 | Orc:2    | Found Tirghukhu's Jewellery Shoppe.
 17315 | Orc:2    | Bought a scroll of identify for 24 gold pieces
 17319 | Orc:2    | Bought a +2 robe of resistance for 414 gold pieces
 17966 | D:11     | Reached XP level 15. HP: 80/80 MP: 23/27
 18830 | D:11     | Reached skill level 16 in Invocations
 18999 | D:12     | Reached skill level 9 in Dodging
 20117 | D:12     | Reached skill level 10 in Dodging
 20144 | D:12     | Identified the +6 ring mail of Autumn {Dex+6}
 22309 | D:14     | Reached skill level 11 in Dodging
 22392 | D:14     | Found a gate to the Vaults.
 22557 | D:14     | Reached skill level 12 in Dodging
 22749 | D:14     | Found a white marble altar of Elyvilon.
 23066 | D:15     | Entered Level 15 of the Dungeon
 23154 | D:15     | Found Cizug's Book Shop.
 23875 | D:15     | Found a staircase to the Depths.
 23998 | D:15     | Reached skill level 13 in Dodging
 24351 | Snake:1  | Entered Level 1 of the Snake Pit
 24423 | Snake:1  | Reached XP level 16. HP: 63/85 MP: 29/29
 24650 | Snake:1  | Found Iqeta's Distillery.
 24657 | Snake:1  | Bought a potion of attraction for 39 gold pieces
 24657 | Snake:1  | Bought a potion of brilliance for 52 gold pieces
 24717 | Snake:1  | Found Wigeag's Weapon Boutique.
 24752 | Snake:1  | Noticed Kirke
 24765 | Snake:1  | Killed Kirke
 24771 | Snake:1  | Found Gapam's General Store.
 24777 | Snake:1  | Bought a wand of paralysis (2) for 67 gold pieces
 25243 | Lair:3   | Reached skill level 14 in Dodging
 25446 | Snake:1  | Found Suvies's Assorted Antiques.
 25454 | Snake:1  | Bought a scroll of identify for 50 gold pieces
 25454 | Snake:1  | Bought a scroll of identify for 50 gold pieces
 25498 | Snake:1  | Found Nus Voil's Antique Weapon Boutique.
 26135 | Snake:2  | Reached skill level 15 in Dodging
 26556 | Snake:2  | Reached skill level 16 in Dodging
 26899 | Snake:2  | Killed a thorn hunter
 27054 | Snake:2  | Killed a thorn hunter
 27078 | Snake:2  | Reached skill level 17 in Dodging
 27217 | Snake:2  | Noticed a tentacled monstrosity
 27231 | Snake:2  | Killed a tentacled monstrosity
 27464 | Snake:2  | Identified the +10 flail "Zuuwao" {freeze, Str+7}
 27524 | Snake:2  | Reached skill level 18 in Dodging
 27777 | Snake:2  | Reached skill level 19 in Dodging
 28317 | Snake:2  | Reached XP level 17. HP: 88/89 MP: 30/30
 28359 | Snake:3  | Noticed Aizul
 28529 | Snake:2  | Reached skill level 20 in Dodging
 28821 | Snake:3  | Found an ornate altar of the Wu Jian Council.
 28951 | Snake:3  | Killed Aizul
 29452 | Snake:3  | Identified 3 potions of resistance
 29870 | Shoals:1 | Entered Level 1 of the Shoals
 29896 | Shoals:1 | Reached skill level 21 in Dodging
 29927 | Shoals:1 | Acquired the +0 robe of Zasoxuwn {rElec rPois rCorr Str+2}
 31589 | Shoals:2 | Reached skill level 22 in Dodging
 31618 | Shoals:2 | Noticed Ilsuiw
 31640 | Shoals:2 | Killed Ilsuiw
 31672 | Shoals:2 | Reached skill level 6 in Stealth
 31845 | Shoals:2 | Reached skill level 7 in Stealth
 32291 | Shoals:2 | Reached skill level 8 in Stealth
 33256 | Shoals:4 | Entered Level 4 of the Shoals
 33270 | Shoals:4 | Reached skill level 9 in Stealth
 33368 | Shoals:4 | Identified the staff of conjuration "Ompokobo" {rF+ rN+
                  | Int+4 Dex+3}
 33384 | Shoals:4 | Reached skill level 10 in Stealth
 33489 | Shoals:4 | Reached XP level 18. HP: 95/95 MP: 25/31
 33495 | Shoals:4 | Reached skill level 11 in Fighting
 34702 | Shoals:4 | Got a barnacled rune of Zot
 35028 | Snake:4  | Entered Level 4 of the Snake Pit
 35042 | Snake:4  | Reached skill level 23 in Dodging
 35127 | Snake:4  | Noticed Mlioglotl
 35297 | Snake:4  | Killed Mlioglotl
 35754 | Snake:4  | Reached skill level 12 in Fighting
 36010 | Snake:4  | Noticed Saint Roka
 36031 | Snake:4  | Killed Saint Roka
 36252 | Snake:4  | Reached skill level 24 in Dodging
 36255 | Snake:4  | Noticed Vashnia
 36621 | Snake:4  | Killed Vashnia
 36886 | Snake:4  | Got a serpentine rune of Zot
 37212 | Vaults:1 | Entered Level 1 of the Vaults
 37363 | Vaults:1 | Reached skill level 13 in Fighting
 37418 | Vaults:1 | Reached XP level 19. HP: 54/104 MP: 32/32
 38226 | Vaults:1 | Reached skill level 25 in Dodging
 38376 | Vaults:1 | Got the Reference Book on Unstable Corpses
 38763 | Vaults:1 | Found a portal to a secret trove of treasure.
 39394 | Vaults:2 | Found Orohue's Jewellery Emporium.
 39399 | Vaults:2 | Bought an amulet of regeneration for 600 gold pieces
 39510 | Vaults:2 | Found a magical portal.
 39515 | WizLab   | Entered Tukima's Studio
 39622 | WizLab   | Identified the +7 hand crossbow of Grim Defence {speed,
                  | rPois Str+4}
 39646 | WizLab   | Reached skill level 14 in Fighting
 39665 | WizLab   | Identified the +6 longbow of Wounding {speed, rC- Str+5}
 39707 | WizLab   | Noticed Drazool's illusion
 39718 | WizLab   | Noticed Drazool's illusion
 39782 | WizLab   | Identified the +1 cloak "Fonkih" {rF+ rN+ Dex-2}
 40638 | Vaults:2 | Learned a level 1 spell: Apportation
 40640 | Vaults:2 | Learned a level 1 spell: Slow
 40725 | Vaults:2 | Reached skill level 1 in Hexes
 40783 | Vaults:2 | Found Famas's Magic Scroll Shop.
 40787 | Vaults:2 | Bought 2 scrolls of enchant weapon for 210 gold pieces
 40833 | Vaults:2 | Reached skill level 2 in Hexes
 40859 | Vaults:2 | Reached skill level 3 in Hexes
 41072 | Vaults:2 | Reached skill level 17 in Ranged Weapons
 41155 | Vaults:2 | Found a staircase to the Crypt.
 41738 | Vaults:2 | Identified the +0 hand axe of Husuru Koyg {freeze, Str+4
                  | SInv}
 41739 | Vaults:2 | Identified the +7 shortbow of Laq Utom {freeze, rF- rC-
                  | Will++ Int+8 SInv}
 42220 | Vaults:3 | Reached skill level 18 in Ranged Weapons
 42303 | Vaults:3 | Reached skill level 4 in Hexes
 42341 | Vaults:3 | Reached XP level 20. HP: 111/111 MP: 33/33
 42357 | Vaults:3 | Reached skill level 26 in Dodging
 42438 | Vaults:3 | Reached skill level 12 in Translocations
 42486 | Vaults:3 | Reached skill level 17 in Invocations
 42659 | Vaults:3 | Found a runed translucent gate.
 42659 | Vaults:3 | Found a runed translucent gate.
 42659 | Vaults:3 | Found a runed translucent gate.
 42660 | Vaults:3 | Noticed Qeunemit's ghost (adept GrFi)
 43167 | Vaults:3 | Reached skill level 15 in Fighting
 43358 | Vaults:4 | Reached skill level 1 in Shields
 43365 | Vaults:3 | Reached skill level 1 in Armour
 43499 | Vaults:4 | Found a runed translucent door.
 43610 | Vaults:4 | Reached skill level 2 in Armour
 43610 | Vaults:4 | Reached skill level 2 in Shields
 44012 | Vaults:4 | Reached skill level 3 in Armour
 44012 | Vaults:4 | Reached skill level 3 in Shields
 44531 | Vaults:4 | Reached skill level 4 in Shields
 44573 | Vaults:4 | Reached skill level 4 in Armour
 44739 | Vaults:4 | Reached skill level 1 in Evocations
 44949 | Depths:1 | Entered Level 1 of the Depths
 44986 | Depths:1 | Found a one-way gateway to a ziggurat.
 44989 | Depths:1 | Noticed an ancient lich
 45023 | Depths:1 | Killed an ancient lich
 45024 | Depths:1 | Reached skill level 2 in Evocations
 45033 | Depths:1 | Reached skill level 3 in Evocations
 45430 | Depths:1 | Reached skill level 4 in Evocations
 45471 | Depths:1 | Acquired a manual of Ice Magic
 45621 | Depths:1 | Reached skill level 5 in Evocations
 45789 | Depths:1 | Reached skill level 6 in Evocations
 45814 | Depths:1 | Reached skill level 5 in Shields
 45844 | Depths:1 | Reached skill level 5 in Armour
 45904 | Depths:1 | Found The Oracle's Delphic Readings.
 45908 | Depths:1 | Bought 3 scrolls of teleportation for 144 gold pieces
 45908 | Depths:1 | Bought a scroll of fear for 64 gold pieces
 46050 | Depths:1 | Found a gateway to Hell.
 46139 | Depths:1 | Reached skill level 7 in Evocations
 46904 | Depths:2 | Reached skill level 8 in Evocations
 47060 | Depths:2 | Reached XP level 21. HP: 117/117 MP: 32/34
 47064 | Depths:2 | Reached skill level 9 in Evocations
 47203 | Depths:2 | Found a one-way gate leading to the halls of Pandemonium.
 47275 | Depths:2 | Reached skill level 10 in Evocations
 48222 | Depths:2 | Reached skill level 27 in Dodging
 48344 | Depths:2 | Noticed a juggernaut
 48363 | Depths:2 | Killed a juggernaut
 48571 | Depths:2 | Noticed a caustic shrike
 48578 | Depths:2 | Killed a caustic shrike
 48592 | Depths:2 | Noticed a juggernaut
 48625 | Depths:2 | Killed a juggernaut
 48964 | Depths:3 | Reached skill level 18 in Invocations
 48984 | Depths:3 | Found a transporter.
 48986 | Depths:3 | Noticed a caustic shrike
 48994 | Depths:3 | Found a transporter.
 49000 | Depths:3 | Noticed a golden dragon
 49147 | Depths:3 | Found Cyorph's Assorted Antiques.
 49155 | Depths:3 | Bought a potion of haste for 490 gold pieces
 49218 | Depths:3 | an iron giant changed into a caustic shrike
 49218 | Depths:3 | Noticed a caustic shrike (glowing shapeshifter)
 49225 | Depths:3 | a caustic shrike changed into an iron dragon
 49249 | Depths:3 | Found Netrer's Jewellery Emporium.
 49396 | Depths:3 | Found Puese's Book Shop.
 49494 | Depths:3 | Found Idghef's Magic Scroll Emporium.
 49527 | Depths:3 | Found Ujeomaqa's Armour Emporium.
 49736 | Depths:4 | Entered Level 4 of the Depths
 49915 | Depths:4 | Found a shimmering altar of Xom.
 50046 | Depths:4 | Noticed a juggernaut
 50062 | Depths:4 | Killed a juggernaut
 50197 | Depths:4 | Found an iron altar of Okawaru.
 50256 | Depths:4 | Reached XP level 22. HP: 64/123 MP: 36/36
 50546 | Vaults:1 | You paid a toll of +3 storm dragon scales to enter a
                  | treasure trove
 50547 | Trove    | Entered a treasure trove
 50565 | Trove    | Identified the ring "Pamec" {Will+ MP+9}
 50876 | Depths:4 | Reached skill level 19 in Invocations
 50951 | Depths:4 | Found a gate to the Realm of Zot.
 51214 | Depths:4 | Noticed Grunn
 51268 | Depths:4 | Killed Grunn
 51303 | Depths:4 | Found Ginot's Book Boutique.
 51303 | Depths:4 | Found Pulipa's Jewellery Emporium.
 51304 | Depths:4 | Found Min Foin's Book Boutique.
 51763 | Vaults:5 | Entered Level 5 of the Vaults
 51770 | Vaults:5 | Noticed a golden dragon
 51770 | Vaults:5 | Noticed an ancient lich
 51803 | Vaults:5 | Noticed a dread lich
 51819 | Vaults:5 | Killed a dread lich
 51820 | Vaults:5 | Reached skill level 16 in Fighting
 52138 | Vaults:5 | Reached skill level 20 in Invocations
 52428 | Vaults:5 | Noticed a dread lich
 52459 | Vaults:5 | Killed a dread lich
 52622 | Vaults:5 | Noticed a golden dragon
 52648 | Vaults:5 | Killed a golden dragon
 52668 | Vaults:5 | Killed a golden dragon
 52757 | Vaults:5 | Got Ukkonun's Vellum of Turbulent Sinister Ceremonies
 52770 | Vaults:5 | Identified the +7 dagger of Kenywnun {holy, *Rage Str+4}
 53274 | Vaults:5 | Killed an ancient lich
 53275 | Vaults:5 | Reached skill level 21 in Invocations
 53669 | Vaults:5 | Noticed a golden dragon
 53715 | Vaults:5 | Killed a golden dragon
 53739 | Vaults:5 | Reached skill level 17 in Fighting
 53755 | Vaults:5 | Reached XP level 23. HP: 128/130 MP: 38/38
 53773 | Vaults:5 | Identified the +9 plate armour of the Equinox {rPois Dex+5}
 53804 | Vaults:5 | Identified the staff of air "Eveemynn" {rElec rCorr Dex-2
                  | SInv}
 53810 | Vaults:5 | Got a silver rune of Zot
 53903 | Vaults:5 | Noticed Mennas
 53965 | Vaults:5 | Killed Mennas
 54055 | Vaults:5 | Noticed Sojobo
 54133 | Vaults:5 | Killed Sojobo
 54355 | Vaults:5 | Identified the +1 robe "Geb Lian" {rN++ Dex+2}
 54368 | Vaults:5 | Noticed Bai Suzhen
 54420 | Vaults:5 | Killed Bai Suzhen
 54580 | Crypt:1  | Entered Level 1 of the Crypt
 54872 | Depths:3 | Bought a manual of Fighting for 1360 gold pieces
 55565 | Crypt:1  | Found a transporter.
 55574 | Crypt:1  | Reached skill level 18 in Fighting
 56136 | Crypt:1  | Found a transporter.
 56510 | Zot:1    | Entered Level 1 of the Realm of Zot
 56616 | Zot:1    | Reached skill level 19 in Fighting
 56713 | Zot:1    | You fall into a shaft and drop 1 floor!
 56882 | Zot:1    | Identified the +7 scimitar of Buwkeqoh {heavy, Int+4}
 57168 | Zot:1    | Found a transporter.
 57188 | Zot:1    | Found a transporter.
 57348 | Zot:1    | Reached skill level 20 in Fighting
 57638 | Zot:1    | Found a transporter.
 57682 | Zot:1    | Found a transporter.
 57769 | Zot:2    | Reached skill level 6 in Shields
 58170 | Zot:2    | Reached skill level 7 in Shields
 58532 | Zot:2    | Noticed an orb of fire
 58544 | Zot:2    | Killed an orb of fire
 58550 | Zot:2    | Reached skill level 8 in Shields
 58820 | Zot:3    | Noticed an electric golem
 58820 | Zot:3    | Noticed Parghit
 58861 | Zot:3    | Reached XP level 24. HP: 142/142 MP: 38/38
 59103 | Zot:3    | Reached skill level 9 in Shields
 59372 | Zot:3    | Killed an electric golem
 59572 | Zot:3    | Identified the +2 spear "Kelol" {spect, rF++}
 59785 | Zot:3    | Reached skill level 10 in Shields
 60122 | Zot:3    | Reached skill level 11 in Stealth
 60294 | Zot:3    | Reached skill level 22 in Invocations
 60526 | Zot:3    | Upgraded the game from 0.31-a0-117-g42d8f58691 to
                  | 0.31-a0-121-g1e386dd289
 60708 | Zot:4    | Reached skill level 12 in Stealth
 60942 | Zot:4    | Noticed an electric golem
 60957 | Zot:4    | Killed an electric golem
 60983 | Zot:4    | Reached skill level 13 in Stealth
 61414 | Zot:4    | Noticed a curse toe
 61424 | Zot:4    | Killed a curse toe
 61486 | Zot:4    | Reached skill level 14 in Stealth
 61543 | Zot:4    | Noticed an electric golem
 61587 | Zot:4    | Killed an electric golem
 61786 | Zot:5    | Entered Level 5 of the Realm of Zot
 62019 | Zot:5    | Reached skill level 15 in Stealth
 62351 | Zot:5    | Noticed an ancient lich
 62372 | Zot:5    | Killed an ancient lich
 62397 | Zot:5    | Reached skill level 16 in Stealth
 62397 | Zot:5    | Reached skill level 23 in Invocations
 62401 | Zot:5    | Noticed a Killer Klown
 62427 | Zot:5    | Killed a Killer Klown
 62473 | Zot:5    | Noticed a dread lich
 62474 | Zot:5    | Noticed an ancient lich
 62480 | Zot:5    | Killed a dread lich
 62488 | Zot:5    | Killed an ancient lich
 62489 | Zot:5    | Reached XP level 25. HP: 147/147 MP: 27/39
 62497 | Zot:5    | Noticed an electric golem
 62503 | Zot:5    | Noticed an orb of fire
 62515 | Zot:5    | Gained mutation: You are weak. (Str -2) [an orb of fire]
 62521 | Zot:5    | Noticed an orb of fire
 62528 | Zot:5    | Gained mutation: Your spells are a little harder to cast,
                  | but a little more powerful. [an orb of fire]
 63418 | Depths:3 | Bought a book of the Hunter for 442 gold pieces
 63422 | Depths:3 | Learned a level 3 spell: Portal Projectile
 63906 | Crypt:2  | Found a runed translucent door.
 63912 | Crypt:2  | Noticed Zogul's ghost (veteran MiGl)
 64520 | Crypt:3  | Entered Level 3 of the Crypt
 64627 | Crypt:3  | Reached skill level 5 in Hexes
 64895 | Crypt:3  | Found a basalt altar of Yredelemnul.
 64960 | Crypt:3  | Reached skill level 6 in Hexes
 64975 | Crypt:3  | Reached skill level 13 in Translocations
 65144 | Crypt:3  | Identified a potion of experience
 65346 | Crypt:3  | Reached skill level 7 in Hexes
 65346 | Crypt:3  | Reached skill level 14 in Translocations
 65346 | Crypt:3  | Reached XP level 26. HP: 141/141 MP: 39/39
 65350 | Crypt:3  | Got Kikubaaqudgha's Papyrus of Despicable Words
 65571 | Crypt:3  | Found the +0 mask of the Dragon {Will+ Slay+3 SInv}
 65576 | Crypt:3  | Reached skill level 8 in Hexes
 65815 | Crypt:3  | Got Experienced Spellcasting
 66001 | Crypt:3  | Noticed Khufu
 66027 | Crypt:3  | Killed Khufu
 66668 | Zot:5    | Reached skill level 9 in Hexes
 66802 | Zot:5    | Gained mutation: You are vulnerable to heat. (rF-) [an orb
                  | of fire]
 66803 | Zot:5    | Gained mutation: You are partially covered in iridescent
                  | scales. (AC +2) [an orb of fire]
 66824 | Zot:5    | Killed from afar by an orb of fire

Vanquished Creatures
  3 dread liches
  Khufu (Crypt:3)
  4 ancient liches
  3 juggernauts
  Saint Roka (Snake:4)
  Bai Suzhen (Vaults:5)
  Vashnia (Snake:4)
  A curse toe (Zot:4)
  A Killer Klown (Zot:5)
  A caustic shrike (Depths:2)
  11 golden dragons
  A bone dragon (Crypt:3)
  2 doom hounds
  3 electric golems
  4 titans
  10 Orb Guardians (Zot:5)
  Mlioglotl (Snake:4)
  2 walking crystal tomes
  4 liches
  19 tentacled monstrosities
  8 quicksilver dragons
  Grunn (Depths:4)
  5 death cobs
  4 sphinxes
  2 ancient champions
  Kirke (Snake:1)
  17 storm dragons
  5 tengu reavers
  8 shadow dragons
  5 fire giants
  3 revenants
  5 nagarajas
  3 draconian monks
  9 frost giants
  14 vault wardens
  7 draconian knights
  2 ghost moths
  A ghost moth (shapeshifter) (Vaults:5)
  A balrug (Depths:1)
  5 draconian scorchers
  A juggernaut zombie (Crypt:2)
  An orc warlord (D:9)
  6 draconian shifters
  6 draconian stormcallers
  Aizul (Snake:3)
  4 ghouls
  A reaper (Crypt:1)
  3 draconian annihilators
  2 vampire knights
  14 green draconians
  15 ironbound preservers
  10 stone giants
  A formless jellyfish (shapeshifter) (Vaults:5)
  3 very ugly things
  7 ironbound thunderhulks
  Nessos (Lair:5)
  A spark wasp (shapeshifter) (Vaults:5)
  11 white draconians
  9 dire elephants
  12 yellow draconians
  9 spark wasps
  11 purple draconians
  6 black draconians
  6 red draconians
  10 ettins
  4 deep elf death magi
  Josephine (D:9)
  7 merfolk impalers
  An eidolon (Crypt:1)
  23 jiangshi
  2 mummy priests (Crypt:3)
  2 entropy weavers (Vaults:1)
  19 yaktaur captains
  4 merfolk javelineers
  9 fire dragons
  A spectral fenstrider witch (Crypt:3)
  A crystal guardian (Vaults:3)
  4 great orbs of eyes
  12 ice dragons
  Fannar (Orc:1)
  2 deep elf high priests (Vaults:5)
  11 hydras
  A spriggan zombie (Crypt:3)
  4 peacekeepers
  Erolcha (Orc:1)
  An ice dragon (shapeshifter) (Depths:4)
  28 vault guards
  3 merfolk aquamancers (Shoals:4)
  7 alligator snapping turtles
  11 ironbound frosthearts
  9 rakshasas
  A catoblepas (Lair:5)
  8 boulder beetles
  9 two-headed ogres
  3 alligators (Snake:2)
  15 anacondas
  A fenstrider witch skeleton (Crypt:1)
  2 spriggan air magi
  7 centaur warriors
  A spriggan skeleton (Crypt:1)
  3 satyrs
  11 deep troll shamans
  5 death yaks
  6 death knights
  7 naga warriors
  8 naga sharpshooters
  3 hell hogs (Depths:1)
  4 tengu warriors
  15 deep troll earth magi
  4 orc high priests (Orc:2)
  4 spriggan berserkers
  10 vampire magi
  6 dancing weapons (WizLab)
  12 shock serpents
  A shock serpent (shapeshifter) (Vaults:5)
  2 thrashing horrors (Lair:5)
  A sun demon (Depths:1)
  7 hell knights (Depths:3)
  An emperor scorpion zombie (Crypt:1)
  4 shadow wraiths (Crypt:3)
  Sonja (Orc:1)
  5 salamander mystics
  28 skeletal warriors
  4 skysharks
  13 iron trolls
  2 death drakes (Depths:2)
  5 goliath frogs (Snake:2)
  A storm dragon skeleton (Crypt:1)
  58 deep trolls
  8 sea snakes
  2 flayed ghosts (Crypt:3)
  A ghost moth zombie (Crypt:1)
  3 bog bodies
  2 swamp dragons (Snake:2)
  4 large abominations
  8 naga ritualists
  5 wizards
  An obsidian statue (Zot:5)
  8 harpies (Shoals:2)
  13 ironbound convokers
  A spriggan simulacrum (Crypt:1)
  3 orc knights
  9 necromancers
  A mana viper (shapeshifter) (Vaults:5)
  16 mana vipers
  A broodmother zombie (Crypt:2)
  7 phantasmal warriors
  4 deep elf pyromancers
  A harpy (shapeshifter) (D:14)
  7 deep elf zephyrmancers
  3 orc sorcerers
  22 ugly things
  A cyclops (shapeshifter) (Vaults:5)
  14 cyclopes
  10 fauns
  8 manticores
  7 merfolk sirens
  20 moths of wrath
  13 salamanders
  11 elephants
  An iron dragon skeleton (Crypt:1)
  16 vault sentinels
  A black mamba (shapeshifter) (D:13)
  10 guardian serpents
  15 naga magi
  32 black mambas
  3 water nymphs
  An alligator snapping turtle zombie (Crypt:1)
  3 gargoyles
  3 smoke demons
  A torpor snail (Lair:5)
  3 unseen horrors (D:11)
  10 cane toads
  12 komodo dragons
  A dire elephant skeleton (Crypt:1)
  A centaur skeleton (Crypt:1)
  32 yaktaurs
  A kobold demonologist (D:12)
  An efreet (D:15)
  4 guardian mummies (Crypt:3)
  6 freezing wraiths
  4 tengu conjurers
  3 ancient zymes (Lair:5)
  30 merfolk
  7 trolls
  A hornet (D:8)
  A polar bear (Lair:3)
  An ettin zombie (Crypt:1)
  2 spectral guardian serpents (Crypt:2)
  A wind drake (Shoals:1)
  37 blink frogs
  A raiju (shapeshifter) (D:13)
  A harpy skeleton (Crypt:1)
  8 snapping turtles
  12 dream sheep
  A great orb of eyes zombie (Crypt:2)
  An iron dragon simulacrum (Crypt:3)
  Sigmund (D:4)
  20 slime creatures
  A spriggan (Lair:5)
  A spriggan (shapeshifter) (D:10)
  3 shadows (Crypt:3)
  6 wyverns
  2 ynoxinuls (Lair:5)
  47 flying skulls
  8 water elementals
  A vampire (D:9)
  2 humans
  46 yaks
  9 wraiths
  7 basilisks
  A golden eye (shapeshifter) (Vaults:5)
  2 chaos spawn (Lair:5)
  7 wargs
  3 hogs (Snake:1)
  2 swamp worms (Snake:2)
  8 vampire mosquitoes
  A naga zombie (Crypt:1)
  A swamp worm (shapeshifter) (D:14)
  51 nagas
  10 small abominations
  3 acid dragons (D:11)
  11 water moccasins
  A cane toad zombie (Crypt:1)
  4 ice beasts
  31 orc warriors
  3 sky beasts
  A swamp drake (Snake:2)
  3 ettin simulacra (Depths:1)
  A black bear (Lair:2)
  A cane toad skeleton (Crypt:1)
  5 ogres
  8 wolves
  11 centaurs
  2 boggarts
  A swamp dragon skeleton (Crypt:2)
  A dream sheep skeleton (Crypt:2)
  3 kobold brigands
  16 bullfrogs
  5 necrophages
  A yaktaur zombie (Crypt:2)
  2 gnoll sergeants
  A scorpion (D:6)
  A salamander skeleton (Crypt:1)
  A naga simulacrum (Crypt:3)
  A komodo dragon skeleton (Crypt:1)
  A wyvern skeleton (Crypt:2)
  8 wights
  An electric eel (Lair:5)
  6 howler monkeys
  4 crimson imps (Depths:4)
  5 hounds
  31 orc priests
  A gnoll bouda (D:7)
  2 jellies
  2 sleepcaps
  Terence (D:3)
  31 orc wizards
  4 iguanas
  5 hell rats (Lair:5)
  A hound zombie (Crypt:1)
  A howler monkey zombie (Crypt:1)
  14 gnolls
  5 adders
  A shadow imp (D:8)
  An ufetubus (D:5)
  An adder skeleton (Crypt:1)
  2 worms
  3 dart slugs
  68 orcs
  9 ball pythons
  6 endoplasms
  6 giant cockroaches
  6 goblins
  5 hobgoblins
  4 jackals (D:4)
  6 quokkas
  9 bats
  11 frilled lizards
  15 kobolds
  5 rats
1899 creatures vanquished.

Vanquished Creatures (collateral kills)
  Mennas (Vaults:5)
  An orb of fire (Zot:2)
  Sojobo (Vaults:5)
  2 golden dragons
  A walking crystal tome (WizLab)
  A tentacled monstrosity (Vaults:5)
  An Orb Guardian (Zot:5)
  3 titans (Vaults:5)
  A quicksilver dragon (Depths:2)
  A sphinx (Depths:2)
  4 death cobs
  2 strange machines (WizLab)
  A storm dragon (Zot:2)
  Ilsuiw (Shoals:2)
  A nagaraja (Snake:4)
  A shadow dragon (Depths:2)
  3 vault wardens
  An ironbound preserver (Vaults:5)
  An ironbound thunderhulk (Vaults:1)
  A dire elephant (Vaults:1)
  A yellow draconian (Zot:2)
  A merfolk javelineer (Shoals:4)
  A great orb of eyes (Vaults:1)
  A yaktaur captain (Vaults:1)
  A salamander tyrant (Snake:4)
  3 vault guards
  A merfolk avatar (Shoals:4)
  4 anacondas
  3 merfolk aquamancers (Shoals:4)
  3 centaur warriors
  2 ironbound frosthearts
  A naga warrior (Snake:2)
  A shock serpent (Snake:2)
  2 dancing weapons (WizLab)
  2 skysharks
  2 sea snakes (Shoals:4)
  A flayed ghost (Vaults:3)
  A deep troll (Vaults:3)
  A swamp dragon (Snake:2)
  A phantasmal warrior (Vaults:5)
  A harpy (Shoals:4)
  2 fauns (Shoals:4)
  3 mana vipers (Snake:2)
  A manticore (Shoals:4)
  2 elephants (Lair:4)
  A moth of wrath (Zot:5)
  A vault sentinel (Vaults:1)
  A water nymph (Shoals:4)
  A guardian serpent (Snake:4)
  2 naga magi
  A black mamba (Snake:2)
  4 yaktaurs (Vaults:1)
  A wind drake (Shoals:1)
  A meliai (D:14)
  A polar bear (Lair:5)
  2 blink frogs (Lair:5)
  4 vampire mosquitoes
  A naga (Snake:4)
  3 orc warriors
  A wolf (Lair:4)
  A howler monkey (D:11)
  An orc priest (Orc:2)
  4 orc wizards
  3 orcs
105 creatures vanquished.

Vanquished Creatures (others)
  2 thorn hunters (Snake:2)
  A draconian knight (Zot:2)
  A white draconian (Zot:2)
  2 alligators (Snake:2)
  A swamp dragon (Snake:2)
  2 swamp worms (Snake:2)
  A swamp drake (Snake:2)
  A sleepcap (D:8)
11 creatures vanquished.

Grand Total: 2015 creatures vanquished

Table legend: (Time is in decaauts)
 A = Elapsed time spent in this place.
 B = Non-inter-level travel time spent in this place.
 C = Inter-level travel time spent in this place.
 D = Time resting spent in this place.
 E = Time spent auto-exploring this place.
 F = Levels seen in this place.
 G = Mean time per level.
                   A        B        C        D        E       F      G
               +--------+--------+--------+--------+--------+-----+--------+
         Total |  47564 |  42586 |   4978 |   7513 |  20081 |  52 |  914.7 |
       Dungeon |  12360 |  10815 |   1545 |   1834 |   6167 |  15 |  824.0 |
        Temple |     11 |     11 |      0 |      0 |      6 |   1 |   11.0 |
          Lair |   5255 |   4874 |    381 |   1544 |   2061 |   5 | 1051.0 |
        Shoals |   3494 |   3307 |    187 |    667 |   1708 |   4 |  873.5 |
     Snake Pit |   5610 |   5162 |    448 |   1606 |   1765 |   4 | 1402.5 |
  Orcish Mines |   1468 |   1353 |    115 |    398 |    460 |   2 |  734.0 |
        Vaults |   7208 |   6254 |    954 |    358 |   3232 |   5 | 1441.6 |
         Crypt |   2627 |   2403 |    224 |    260 |    977 |   3 |  875.7 |
        Depths |   4704 |   3858 |    846 |    339 |   2102 |   4 | 1176.0 |
           Zot |   4377 |   4104 |    273 |    478 |   1540 |   5 |  875.4 |
         Trove |     29 |     29 |      0 |      0 |     18 |   1 |   29.0 |
        Bailey |     38 |     38 |      0 |      0 |      0 |   1 |   38.0 |
       Volcano |     63 |     63 |      0 |      0 |      9 |   1 |   63.0 |
        Wizlab |    314 |    314 |      0 |     25 |     32 |   1 |  314.0 |
               +--------+--------+--------+--------+--------+-----+--------+

Top non-repeatable levels by time:
 Snake:2: 1932 daAuts
Vaults:1: 1865 daAuts
Vaults:5: 1856 daAuts
Vaults:2: 1642 daAuts
  Lair:3: 1578 daAuts
Depths:2: 1564 daAuts
 Snake:1: 1459 daAuts
     D:9: 1445 daAuts
 Snake:4: 1413 daAuts
Depths:1: 1354 daAuts
  Lair:5: 1282 daAuts
   Zot:3: 1256 daAuts
    D:13: 1233 daAuts
    D:12: 1171 daAuts
 Crypt:3: 1146 daAuts

Table legend:
 A = Non-vault XP
 B = Vault XP
 C = Vault XP percentage of total XP
 D = Non-vault monster count
 E = Vault monster count
 F = Vault count percentage of total count
                 A         B        C        D         E       F
            +---------+---------+-------+---------+---------+-------
      Total |  621475 |  603766 |  49.3 |    1160 |     846 |  42.2
            +---------+---------+-------+---------+---------+-------
        D:1 |      32 |       0 |   0.0 |      19 |       0 |   0.0
        D:2 |      32 |       0 |   0.0 |      13 |       0 |   0.0
        D:3 |     160 |      44 |  21.6 |      16 |       9 |  36.0
        D:4 |     289 |     243 |  45.7 |      29 |       1 |   3.3
        D:5 |     351 |       0 |   0.0 |      18 |       0 |   0.0
        D:6 |     486 |       0 |   0.0 |      20 |       0 |   0.0
        D:7 |    2516 |       0 |   0.0 |      31 |       0 |   0.0
        D:8 |    1944 |    1162 |  37.4 |      33 |      17 |  34.0
        D:9 |    5829 |    2255 |  27.9 |      33 |      14 |  29.8
       D:10 |    2126 |       4 |   0.2 |      12 |       1 |   7.7
       D:11 |    4259 |    8788 |  67.4 |      14 |      22 |  61.1
       D:12 |    6950 |    2763 |  28.4 |      14 |      19 |  57.6
       D:13 |    6553 |       0 |   0.0 |      14 |       0 |   0.0
       D:14 |    6503 |    7906 |  54.9 |      16 |      12 |  42.9
       D:15 |    9943 |    1787 |  15.2 |      27 |       2 |   6.9
     Lair:1 |    6620 |    2612 |  28.3 |      23 |      16 |  41.0
     Lair:2 |    5578 |       0 |   0.0 |      21 |       0 |   0.0
     Lair:3 |    6210 |     483 |   7.2 |      18 |       3 |  14.3
     Lair:4 |   11174 |       0 |   0.0 |      32 |       0 |   0.0
     Lair:5 |   14478 |   12424 |  46.2 |      42 |      39 |  48.1
   Shoals:1 |   11442 |    5050 |  30.6 |      23 |      10 |  30.3
   Shoals:2 |   17772 |    3378 |  16.0 |      38 |       5 |  11.6
   Shoals:3 |    4867 |       0 |   0.0 |      11 |       0 |   0.0
   Shoals:4 |    9613 |   16599 |  63.3 |      18 |      27 |  60.0
    Snake:1 |   14339 |    2506 |  14.9 |      29 |       5 |  14.7
    Snake:2 |   21499 |   27810 |  56.4 |      40 |      40 |  50.0
    Snake:3 |   13774 |    1147 |   7.7 |      27 |       1 |   3.6
    Snake:4 |   18910 |   40240 |  68.0 |      39 |      71 |  64.5
      Orc:1 |    2755 |    7329 |  72.7 |      20 |      11 |  35.5
      Orc:2 |    3224 |    5737 |  64.0 |      22 |      43 |  66.2
   Vaults:1 |   29631 |   19854 |  40.1 |      40 |      25 |  38.5
   Vaults:2 |   19498 |   13725 |  41.3 |      29 |      17 |  37.0
   Vaults:3 |   10901 |   26256 |  70.7 |      16 |      33 |  67.3
   Vaults:4 |   23014 |   18244 |  44.2 |      40 |      25 |  38.5
   Vaults:5 |    9215 |  131947 |  93.5 |      12 |     101 |  89.4
    Crypt:1 |   34275 |       0 |   0.0 |      52 |       0 |   0.0
    Crypt:2 |    9869 |    2898 |  22.7 |      17 |       7 |  29.2
    Crypt:3 |       0 |   62749 | 100.0 |       0 |     113 | 100.0
   Depths:1 |   18179 |   18545 |  50.5 |      24 |      19 |  44.2
   Depths:2 |   26586 |   61255 |  69.7 |      31 |      51 |  62.2
   Depths:3 |   18862 |    2016 |   9.7 |      21 |       1 |   4.5
   Depths:4 |   18943 |   18716 |  49.7 |      17 |      21 |  55.3
      Zot:1 |   35222 |   10316 |  22.7 |      29 |       9 |  23.7
      Zot:2 |   42449 |       0 |   0.0 |      32 |       0 |   0.0
      Zot:3 |   46633 |   11278 |  19.5 |      39 |      13 |  25.0
      Zot:4 |   50818 |       0 |   0.0 |      37 |       0 |   0.0
      Zot:5 |   17152 |   36886 |  68.3 |      12 |      16 |  57.1
     Bailey |       0 |     529 | 100.0 |       0 |       8 | 100.0
    Volcano |       0 |     424 | 100.0 |       0 |       1 | 100.0
     WizLab |       0 |   17861 | 100.0 |       0 |      18 | 100.0
            +---------+---------+-------+---------+---------+-------
